 Dungeon Crawl Stone Soup version 0.22-a0-815-gb582571 (webtiles) character file.

47 BaronVonScrub the Conjurer (level 3, 0/25 HPs)
             Began as a Mummy Conjurer on July 23, 2018.
             Slain by a worker ant (6 damage)
             ... on level 4 of the Dungeon.
             The game lasted 00:04:40 (2032 turns).

BaronVonScrub the Conjurer (Mummy Conjurer)         Turns: 2032, Time: 00:04:41

Health: 0/25       AC:  5    Str: 11    XL:     3   Next: 48%
Magic:  1/7        EV: 12    Int: 15    God:
Gold:   76         SH:  0    Dex: 12    Spells: 4/8 levels left

rFire    x . .     SeeInvis .   f - +0 mace
rCold    + . .     Gourm    .   (no shield)
rNeg     + + +     Faith    .   a - +1 robe
rPois    ∞         Spirit   .   c - +0 helmet
rElec    .         Reflect  .   d - +0 cloak
rCorr    .         Harm     .   (no gloves)
MR       .....                  (no boots)
Stlth    ++........             (no amulet)
HPRegen  0.08/turn              h - ring of poison resistance
MPRegen  0.10/turn              (no ring)

@: no status effects
A: no food or potions, fire vulnerability, cold resistance 1, negative energy
resistance 3, torment resistance, unbreathing
a: no special abilities


You were on level 4 of the Dungeon.
You were not hungry.

You visited 1 branch of the dungeon, and saw 3 of its levels.

You collected 76 gold pieces.

Inventory:

Hand Weapons
 b - a +1 hunting sling
 e - a -2 mace
 f - a +0 mace (weapon)
Armour
 a - a +1 robe (worn)
 c - a +0 helmet (worn)
 d - a +0 cloak (worn)
Jewellery
 h - a ring of poison resistance (left hand)
Scrolls
 g - a scroll of remove curse
 i - 2 scrolls of identify


   Skills:
 + Level 0.3 Fighting
 + Level 0.1 Maces & Flails
 - Level 1.6 Dodging
 - Level 1.7 Stealth
 + Level 3.2 Spellcasting
 + Level 4.0 Conjurations


You had 4 spell levels left.
You knew the following spells:

 Your Spells              Type           Power        Failure   Level  Hunger
a - Magic Dart            Conj           ##..         3%          1    N/A
b - Dazzling Spray        Conj/Hex       #.....       26%         3    N/A

Your spell library contained the following spells:

 Spells                   Type           Power        Failure   Level  Hunger
 Iskenderun's Mystic Bla  Conj           ##......     36%         4    N/A
 Fulminant Prism          Conj/Hex       #.........   65%         4    N/A
 Force Lance              Conj/Tloc      #.......     65%         4    N/A
 Searing Ray              Conj           ##....       5%          2    N/A

Dungeon Overview and Level Annotations

Branches:
Dungeon (2/15)

Altars:


Innate Abilities, Weirdness & Mutations

You do not eat or drink.
Your flesh is vulnerable to fire.
You are immune to poison.
Your flesh is cold resistant. (rC+)
You are immune to negative energy. (rN+++)
You are immune to unholy pain and torment.
You can survive without breathing.


Message History

You closely miss the worker ant.
The worker ant is severely wounded.
The worker ant bites you but does no damage.
The worker ant barely misses you.
You closely miss the worker ant.
The worker ant is severely wounded.
The worker ant barely misses you.
A gnoll comes into view. It is wielding a spear.
The worker ant barely misses you.
You closely miss the worker ant.
The worker ant is severely wounded.
The worker ant bites you.
You closely miss the worker ant.
The worker ant is severely wounded.
The worker ant bites you. x2
* * * LOW HITPOINT WARNING * * *
You closely miss the worker ant.
The worker ant is severely wounded.
The worker ant misses you. The worker ant bites you.
You die...

#### #.. #.# #@# #a# #g#
#!# #.########
######.#......#######.#
.....................>..
.....##.#..##..#........
.... ...#..#...#.##.....


You could see a worker ant and a gnoll.

Vanquished Creatures
  A worm (D:2)
  A dart slug (D:1)
  A leopard gecko (D:1)
  An orc (D:4)
  3 ball pythons (D:1)
  7 bats (D:1)
  2 giant cockroaches (D:1)
  5 goblins (D:1)
  3 hobgoblins (D:1)
  4 jackals (D:1)
  2 kobolds (D:1)
  3 frilled lizards (D:1)
  5 rats (D:1)
38 creatures vanquished.

Notes
Turn   | Place    | Note
-------+----------+-------------------------------------------
     0 | D:1      | BaronVonScrub the Mummy Conjurer began the quest for the Orb.
     0 | D:1      | Reached XP level 1. HP: 13/13 MP: 4/4
   579 | D:1      | Reached XP level 2. HP: 17/19 MP: 2/5
  1036 | D:1      | Reached XP level 3. HP: 24/24 MP: 4/7
  1405 | D:1      | Reached skill level 4 in Conjurations
  1725 | D:1      | Learned a level 3 spell: Dazzling Spray
  1976 | D:2      | You fall through a shaft for 2 floors!
  2032 | D:4      | Slain by a worker ant

Vault maps used:
D:1:      dpeg_arrival_circle_labyrinth_b
D:2:      first_ration
D:4:      temple_statues, serial_shops, kennysheep_mini_moat

Skill      XL: |  1  2  3 |
---------------+----------+-----
Spellcasting   | 3 |  3.2
Conjurations   | 4 |  4.0
Fighting       | |  0.3
Maces & Flails | |  0.1
Dodging        | |  1.6
Stealth        | |  1.7

Action                   || total
-------------------------++-------
Melee: Unarmed           ||     3
       Mace              ||    56
 Cast: Magic Dart        ||    77
       Dazzling Spray    ||     1
  Use: Scroll            ||     6
 Stab: Invisible         ||     1
Armor: Robe              ||    18
Dodge: Dodged            ||    50

Table legend:
 A = Spawn XP
 B = Non-spawn XP
 C = Spawn XP percentage of total XP
 D = Spawn monster count
 E = Non-spawn monster count
 F = Spawn count percentage of total count
 G = Total turns spent on level
                    A         B        C        D         E        F      G
               +---------+---------+-------+---------+---------+-------+---------
         Total |       0 |      68 |   0.0 |       0 |      38 |   0.0 |  2032
               +---------+---------+-------+---------+---------+-------+---------
           D:1 |       0 |      60 |   0.0 |       0 |      36 |   0.0 |  1774
           D:2 |       0 |       5 |   0.0 |       0 |       1 |   0.0 |   202
           D:4 |       0 |       3 |   0.0 |       0 |       1 |   0.0 |    56
               +---------+---------+-------+---------+---------+-------+---------
